 Dungeon Crawl Stone Soup version 0.31-a0-182-gc5ef74bbde (webtiles) character file.

Game seed: 9897359457785883235

81 lunkers the Covered (level 5, 0/40 HPs)
             Began as a Meteoran Wanderer on June 21, 2023.
             Slain by an orc
             ... wielding a +0 war axe
              (6 damage)
             ... on level 3 of the Dungeon.
             The game lasted 00:03:19 (1052 turns).

lunkers the Covered (Meteoran Wanderer)             Turns: 1052, Time: 00:03:19

Health: 0/40       AC:  2    Str: 14    XL:     5   Next: 0%
Magic:  1/10       EV: 11    Int: 17    God:
Gold:   126        SH:  0    Dex: 11    Spells: 6/10 levels left

rFire   . . .        a - +0 dagger
rCold   . . .        (no shield)
rNeg    . . .        g - +0 robe
rPois   .            (no helmet)
rElec   .            (no cloak)
rCorr   .            (no gloves)
SInv    .            (no boots)
Will    .....        (no amulet)
Stlth   +            (no ring)
HPRegen 0.26/turn    (no ring)
MPRegen 0.12/turn

%: no passive effects
@: glowing
A: sense surroundings 1, otherworldly, glowing, explore regen
a: no special abilities


You were on level 3 of the Dungeon.
You visited 1 branch of the dungeon, and saw 3 of its levels.

You collected 126 gold pieces.

Inventory:

Hand Weapons
 a - a +0 dagger (weapon)
Missiles
 b - 17 poisoned darts
Armour
 g - a +0 robe (worn)
 i - a +1 ring mail of fire resistance
Scrolls
 e - 2 scrolls of blinking {unknown}
 f - 2 scrolls of brand weapon {unknown}
 j - a scroll of enchant armour {unknown}
 k - 3 scrolls of identify {unknown}
 o - a scroll of fog {unknown}
 p - 2 scrolls of teleportation {unknown}
Potions
 d - 2 potions of attraction
 h - a potion of mutation {unknown}
 l - 2 potions of curing {unknown}
 m - 2 potions of heal wounds {unknown}
 n - a potion of brilliance {unknown}


   Skills:
 - Level 1.1 Fighting
 - Level 2.4 Throwing
 - Level 6.0 Armour
 + Level 3.0 Spellcasting
 * Level 4.1 Earth Magic


You had 6 spell levels left.
You knew the following spells:

 Your Spells              Type           Power      Damage    Failure   Level
a - Sandblast             Erth           32%        2d9       3%          1
b - Stone Arrow           Conj/Erth      18%        3d8       22%         3

Your spell library contained the following spells:

 Spells                   Type           Power      Damage    Failure   Level
 Beastly Appendage        Tmut           4%         N/A       17%         1
 Wereblood                Tmut           2%         N/A       26%         2
 Call Canine Familiar     Summ           2%         N/A       45%         3
 Portal Projectile        Hex/Tloc       4%         N/A       45%         3
 Spider Form              Tmut/Pois      2%         N/A       45%         3
 Leda's Liquefaction      Hex/Erth       4%         N/A       58%         4


Dungeon Overview and Level Annotations

Branches:
Dungeon (3/15) Zot: 716

Altars:

Shops:
D:1 [


Innate Abilities, Weirdness & Mutations

You passively map a small area around you.
You are easily found by Zot.
You glow in the dark.
You regain HP and MP as you explore.


Message History

The orc hits you from afar with a +0 trident!
* * * LOW HITPOINT WARNING * * *
An endoplasm comes into view.
The orc hits you with a +0 club.
* * * LOW HITPOINT WARNING * * *
Aiming: Sandblast (safe; 3% risk of failure)
Press: ? - help, Q - select action, (/) - cycle Shift-Dir - straight line, f/p - orc
Aim: an orc, wielding a +0 club (severely wounded, 82% to hit)
The blast of sand hits the orc!
You kill the orc!
The endoplasm quivers.
Aiming: Sandblast (safe; 3% risk of failure)
Press: ? - help, Q - select action, (/) - cycle Shift-Dir - straight line, f - endoplasm
Aim: an endoplasm (98% to hit)
The blast of sand hits the endoplasm!
You kill the endoplasm!
The orc hits you from afar with a +0 trident.
* * * LOW HITPOINT WARNING * * *
The orc misses you. The orc hits you with a +0 short sword.
* * * LOW HITPOINT WARNING * * *
Aiming: Sandblast (safe; 3% risk of failure)
Press: ? - help, Q - select action, (/) - cycle Shift-Dir - straight line, f - orc
Aim: an orc, wielding a +0 short sword (82% to hit)
The blast of sand hits the orc!
You kill the orc!
The orc misses you.
Your Spellcasting skill increases to level 3!
You have reached level 5!
Aiming: Sandblast (safe; 3% risk of failure)
Press: ? - help, Q - select action, (/) - cycle Shift-Dir - straight line, f - orc
Aim: an orc, wielding a +0 trident (82% to hit)
The blast of sand hits the orc.
The orc is severely wounded.
* * * LOW MAGIC WARNING * * *
The orc barely misses you.
The orc hits you from afar with a +0 trident!
* * * LOW HITPOINT WARNING * * *
An adder comes into view.
The orc barely misses you. The orc hits you with a +0 war axe.
You die...

#....#....#
#.#..#.##.##.#.#..
#...#####.#
#.#..#.......#.#..
#.......#,#
#....#.##.####.#..
#.......# ###.##.##.#
,.....
#.......##.######.#####.#,
#.#..
#.......##.....##.......#
..#..
#.......######..#########
.....
#.....................) ,,
.
#.......#######@#######**
, ,,. #.......# ***#o# ,,
#.......#......Jo#
#.......#..........
#.......#...........#* * ,
#.......#..(.......... , ,
#.......#..........#...
,,, , , ####.S##...##.. *
* ##. *...# ..


You could see an adder (wandering), 2 orcs and an endoplasm.

Vanquished Creatures
  An orc wizard (D:3)
  A gnoll (D:1)
  A worm (D:2)
  2 dart slugs (D:1)
  2 orcs (D:3)
  A ball python (D:3)
  2 endoplasms (D:3)
  2 giant cockroaches (D:1)
  3 goblins
  2 hobgoblins
  3 jackals (D:1)
  2 quokkas
  6 bats
  A frilled lizard (D:1)
  4 kobolds
  2 rats (D:2)
35 creatures vanquished.

Notes
Turn   | Place    | Note
-------+----------+-------------------------------------------
     0 | D:1      | lunkers the Meteoran Wanderer began the quest for the Orb.
     0 | D:1      | lunkers set off with the following items: a +0 dagger, 10
                  | poisoned darts, a +0 chain mail, a potion of attraction;
                  | and the following spell memorised: Sandblast; and the
                  | following spells available to memorise: Stone Arrow.
     0 | D:1      | Reached XP level 1. HP: 16/16 MP: 3/3
    33 | D:1      | Found Tierud's Armour Shop.
    46 | D:1      | Reached XP level 2. HP: 10/23 MP: 0/5
    86 | D:1      | Reached XP level 3. HP: 17/28 MP: 0/6
   386 | D:1      | Learned a level 3 spell: Stone Arrow
   544 | D:2      | Reached XP level 4. HP: 35/35 MP: 5/8
  1052 | D:3      | Reached XP level 5. HP: 12/40 MP: 2/10
  1052 | D:3      | Slain by an orc

Illustrated notes

Levels and vault maps discovered:
D:1:      wander_arrival_chamber, layout_basic, serial_shops, shop
D:2:      layout_rooms, hangedman_decor_growths
D:3:      layout_basic, gammafunk_temple_overflow_wave, chequers_mini_garden,
          grunt_ministairs_13, uniq_sigmund

Skill      XL: |  1  2  3  4 |
---------------+-------------+-----
Earth Magic    | 2 3 4 |  4.1
Spellcasting   | 2 3 |  3.0
Fighting       | |  1.1
Throwing       | |  2.4
Armour         | |  6.0

Action                     |  1- 3 |  4- 6 || total
---------------------------+-------+-------++-------
  Melee: Dagger            |    13 |    10 ||    23
         Punch             |     1 |       ||     1
  Throw: Dart              |     1 |       ||     1
   Cast: Sandblast         |    34 |    29 ||    63
 Armour: Robe              |     3 |     7 ||    10
  Dodge: Dodged            |    11 |    19 ||    30

Table legend: (Time is in decaauts)
 A = Elapsed time spent in this place.
 B = Non-inter-level travel time spent in this place.
 C = Inter-level travel time spent in this place.
 D = Time resting spent in this place.
 E = Time spent auto-exploring this place.
 F = Levels seen in this place.
 G = Mean time per level.
                   A        B        C        D        E       F      G
               +--------+--------+--------+--------+--------+-----+--------+
         Total |   1082 |    938 |    144 |      0 |    701 |   3 |  360.7 |
       Dungeon |   1082 |    938 |    144 |      0 |    701 |   3 |  360.7 |
               +--------+--------+--------+--------+--------+-----+--------+

Top non-repeatable levels by time:
     D:1: 496 daAuts
     D:2: 309 daAuts
     D:3: 276 daAuts
